 Dungeon Crawl Stone Soup version 0.16-a0-3749-g20dbed2 (console) character file.

74 MrRokkomies the Skirmisher (level 4, 0/28 HPs)
             Began as a Gargoyle Abyssal Knight on Jan 23, 2015.
             Was a Believer of Lugonu.
             Slain by a hobgoblin
             ... wielding a +0 club
             ... led by Robin
              (6 damage)
             ... on level 2 of the Dungeon.
             The game lasted 00:07:04 (1477 turns).

MrRokkomies the Skirmisher (GrAK)                   Turns: 1477, Time: 00:07:04

Health: 0/28       AC:  9    Str: 21      XL:     4   Next: 30%
Magic:  5/7        EV: 10    Int: 11 (13) God:    Lugonu [**....]
Gold:   30         SH:  0    Dex:  9      Spells: 0 memorised, 3 levels left

rFire  . . .     SeeInvis .     a - +1 mace
rCold  . . .     Clarity  .     e - +0 ring mail
rNeg   + + .     SustAb   .     (no shield)
rPois  ∞         Gourm    .     (no helmet)
rElec  +         Spirit   .     (no cloak)
rCorr  .         Warding  .     (no gloves)
rMut   .         Stasis   .     (no boots)
MR     .....                    (no amulet)
Stlth  ..........               (no ring)
                                h - ring of positive energy

@: mighty, not resistant to hostile enchantments, extremely unstealthy
A: negative energy resistance 1, electricity resistance, unbreathing,
petrification resistance, rot immunity, AC +3
a: Depart the Abyss, Bend Space, Renounce Religion


You were on level 2 of the Dungeon.
You worshipped Lugonu.
Lugonu was pleased with you.
You were not hungry.

You visited 1 branch of the dungeon, and saw 2 of its levels.
You visited the Abyss 1 time.

You collected 30 gold pieces.

Inventory:

Hand weapons
 a - a +1 mace (weapon)
Missiles
 d - 19 stones (quivered)
 f - 16 arrows
Armour
 e - a +0 ring mail (worn)
Jewellery
 h - a ring of positive energy (left hand)
Potions
 j - a potion of agility {unknown}
 k - a potion of poison {unknown}
 m - a potion of cure mutation {unknown}
 n - a potion of restore abilities {unknown}
Comestibles
 b - a meat ration
 c - a bread ration
 o - a chunk of flesh


   Skills:
 + Level 3.5 Fighting
 * Level 3.5 Maces & Flails
 - Level 2.1 Armour
 - Level 0.7 Dodging
 * Level 3.2 Invocations


You had 3 spell levels left.
You didn't know any spells.

Dungeon Overview and Level Annotations

Branches:
Dungeon (2/15)

Altars:


Innate Abilities, Weirdness & Mutations

You are resistant to torment.
You are immune to poison.
Your stone body is very resilient (AC +3).
You resist negative energy.
You are resistant to electric shocks.
You can survive without breathing.
You are immune to petrification.
You are immune to rotting.


Message History

You sock Robin!
Robin is heavily wounded.
The hobgoblin hits you but does no damage.
The goblin barely misses you.
Robin says, "My goblins will feast on your bones."
Robin roars a battlecry!
The hobgoblin goes into a battle-frenzy!
Robin hits you but does no damage. The goblin hits you with a club.
* * * LOW HITPOINT WARNING * * *
You thump Robin!
You kill Robin!
Lugonu accepts your kill. The goblin completely misses you.
The hobgoblin hits you with a club.
* * * LOW HITPOINT WARNING * * *
The goblin hits you but does no damage. x2
You are too injured to fight recklessly!
You hit the hobgoblin.
The hobgoblin is heavily wounded.
The hobgoblin hits you with a club.
You die...

###########
#...'...g.g
#...'..ggggg
#...#
#)g.##########
#@)..........#
#gg).((....).#
##'##((..)##'#
#)..#....(# ..#
#...#.....# ..#
#...#.....# ..#
##'##..)(.# '##
#...#..(..# ..
#...#.(.(.# ...
#≈≈≈#.....# ≈≈≈
#≈≈≈##'''##≈≈≈≈≈


You could see a hobgoblin (frenzied) and 2 goblins.

Vanquished Creatures
  Robin (D:2)
  A giant mite (D:2)
  4 giant cockroaches
  16 goblins
  6 hobgoblins (D:1)
  3 jackals (D:2)
  A quokka (D:2)
  5 bats
  A giant newt (D:1)
  10 kobolds
  3 rats (D:1)
51 creatures vanquished.

Notes
Turn   | Place    | Note
--------------------------------------------------------------
     0 | Abyss:1  | MrRokkomies, the Gargoyle Abyssal Knight, began the quest for the Orb.
     0 | Abyss:1  | Reached XP level 1. HP: 14/14 MP: 1/1
     5 | Abyss:1  | Found a corrupted altar of Lugonu.
    54 | Abyss:1  | Noticed an ancient zyme
    57 | Abyss:1  | Noticed a raiju
    59 | Abyss:1  | Noticed a tentacled starspawn
    62 | D:1      | Escaped the Abyss
   480 | D:1      | Reached XP level 2. HP: 19/19 MP: 2/2
   491 | D:1      | Acquired Lugonu's first power
   631 | D:1      | Reached XP level 3. HP: 9/23 MP: 4/4
  1201 | D:2      | Acquired Lugonu's second power
  1434 | D:2      | Noticed Robin
  1456 | D:2      | Reached XP level 4. HP: 13/28 MP: 3/6
  1476 | D:2      | Killed Robin
  1477 | D:2      | Slain by a hobgoblin

Action                   |  1- 3 |  4- 6 || total
-------------------------+-------+-------++-------
Melee: Mace              |   144 |    18 ||   162
Invok: Depart the Abyss  |     1 |       ||     1
       Bend Space        |     2 |       ||     2
  Use: Scroll            |     2 |       ||     2
       Potion            |     1 |     3 ||     4
  Eat: Chunk             |     2 |       ||     2
